Cogmind - Beta 13 @@@ ROGUE MODE // 2024.05.17 @ 20:41:09 Player: jonasanoj Result: Destroyed by H-55 Commando with Assault Rifle Performance ------------- Evolutions (2) 1000 Regions Visited (3) 600 Robots Destroyed (23) 115 Value Destroyed (621) 621 Prototype IDs (1) 20 Alien Tech Used (0) 0 Bonus (0) 0 TOTAL SCORE: 2356 Bonus ------- None Cogmind --------- Core Integrity 0/550 Matter 300/300 Energy 100/100 System Corruption 0% Temperature Cool (0) Movement Core (100) Ox1 Location -8/Materials Parts ------- > --- POWER (1) -------- (None) > --- PROPULSION (4) --- (None) > --- UTILITY (4) ------ Advanced Heat Sink Signal Interpreter Improved Terrain Scanner > --- WEAPON (2) ------- Great Maul > --- INVENTORY (5) ---- Ion Engine Improved Ion Engine Beam Rifle Particle Gun High-powered Shotgun Peak State ------------ > --- POWER ------------ Light Nuclear Core > --- PROPULSION ------- Flight Unit Flight Unit Flight Unit Flight Unit > --- UTILITY ---------- Improved Heat Sink Advanced Heat Sink Signal Interpreter Improved Terrain Scanner > --- WEAPON ----------- Particle Gun Great Maul > --- INVENTORY -------- Ion Engine Improved Ion Engine Beam Rifle Particle Gun High-powered Shotgun [Rating: 25] Favorites ----------- Power Ion Engine Engine Ion Engine Power Core Light Nuclear Core Propulsion Light Treads Treads Light Treads Leg Aluminum Leg Flight Unit Flight Unit Utility Small Storage Unit Device Structural Scanner Storage Small Storage Unit Processor Signal Interpreter Weapon Small Laser Energy Gun Small Laser Ballistic Gun High-powered Shotgun Launcher Grenade Launcher Special Weapon Welding Torch Impact Weapon Great Maul Build | -11 -10 -10 -8 ------- Run | Yrd Mat Sub Mat Slots Evolved 4 | . . . 4 Power . | . . . . Propulsion 2 | . . . 2 Utility 2 | . . . 2 Weapon . | . . . . Parts Attached 46 | 6 18 2 20 Power 7 | 1 2 . 4 Engine 6 | 1 2 . 3 Core 1 | . . . 1 Reactor . | . . . . Propulsion 19 | 2 8 2 7 Treads 5 | 2 3 . . Leg 6 | . 2 2 2 Wheel . | . . . . Hover . | . . . . Flight 8 | . 3 . 5 Utility 10 | 1 4 . 5 Device 5 | . 1 . 4 Storage 1 | 1 . . . Processor 4 | . 3 . 1 Hackware . | . . . . Protection . | . . . . Artifact . | . . . . Weapon 10 | 2 4 . 4 Energy Gun 4 | 2 1 . 1 Energy Cannon . | . . . . Ballistic Gun 2 | . . . 2 Ballistic Cannon . | . . . . Launcher 1 | . 1 . . Special Weapon 2 | . 2 . . Impact Weapon 1 | . . . 1 Slashing Weapon . | . . . . Piercing Weapon . | . . . . Special Melee Weapon . | . . . . Unidentified Prototypes 1 | . . . 1 Parts Lost 27 | . 12 1 14 Power 4 | . 2 . 2 Propulsion 10 | . 3 . 7 Utility 5 | . 2 . 3 Weapon 8 | . 5 1 2 Highest Loss Streak 6 | . 6 1 6 To Critical Strikes . | . . . . Average Slot Usage (%) 78 | . 83 68 69 Engine 11 | . 13 14 4 Treads 14 | . 21 . . Leg 6 | . 2 28 8 Flight 5 | . 3 . 11 Device 8 | . 1 14 22 Storage 7 | . 12 . . Processor 4 | . 6 . 2 Energy Gun 11 | . 16 . 5 Ballistic Gun 2 | . . . 7 Special Weapon 3 | . 4 10 . Naked Turns . | . . . . Heaviest Build 16 | 14 14 7 16 Greatest Support 40 | 40 40 20 20 Greatest Overweight (x) 5 | 3 1 . 5 Average Overweight (x) . | . . . . Largest Inventory Capacity 8 | 8 8 5 5 Average Capacity 6 | 7 7 5 5 Most Carried 8 | 4 8 5 5 Average Carried 5 | 2 6 5 4 Final Capacity 8 | 8 5 5 5 Final Carried 5 | 4 5 5 5 Class Distribution -------------------- 75% | Mutant 18% | Scavenger-Mutant 6% | Scavenger-Sprinter Dominant Class ---------------- Mutant | -10/Materials Mutant | -10/Subcaves Scavenger-Mutant | -8/Materials Resources | -11 -10 -10 -8 ----------- Run | Yrd Mat Sub Mat Matter Collected 759 | 241 91 44 383 Remotely 71 | . . . 71 Salvage Created 650 | . 338 . 312 Parts 43 | . 25 . 18 Haulers Intercepted . | . . . . Recyclers Shooed . | . . . . Parts Field Recycled . | . . . . Retrieved Matter . | . . . . Parts Self-Destructed 7 | . . 7 . Prevented . | . . . . Kills | -11 -10 -10 -8 ------- Run | Yrd Mat Sub Mat Combat Hostiles Destroyed 17 | . 8 . 9 Guns 13 | . 5 . 8 Cannons 1 | . 1 . . AOE 2 | . 2 . . Classes Destroyed 7 | . 6 . 1 Builder 1 | . 1 . . Tunneler 1 | . 1 . . Recycler 2 | . 2 . . Watcher 2 | . 2 . . Swarmer 6 | . 3 . 3 Grunt 8 | . 5 . 3 Sentry 3 | . . . 3 Best Kill Streak 5 | . 5 . 3 Combat Bots Only 3 | . 2 . 3 Max Kills in Single Turn 4 | . 4 . 1 Gunslinging . | . . . . Exploded 1 | . 1 . . Melee . | . . . . Uniques/NPCs Destroyed . | . . . . Combat | -11 -10 -10 -8 -------- Run | Yrd Mat Sub Mat Hostile Shots Fired 275 | . 134 5 136 Missed 75 | . 37 3 35 Damage Taken 2925 | . 1344 67 1514 Core 782 | . 203 23 556 Absorbed by Shields . | . . . . Core Remaining (%) 54 | 100 . 9 . Volleys Fired 86 | . 51 3 32 Largest 2 | . 2 1 2 Hottest 100 | . 100 100 90 Shots Fired 136 | . 71 3 62 Gun 113 | . 51 . 62 Cannon . | . . . . Launcher 3 | . 3 . . Special 20 | . 17 3 . Kinetic 53 | . . . 53 Thermal 59 | . 47 3 9 Explosive 3 | . 3 . . Electromagnetic 21 | . 21 . . Robot Hit Streak 7 | . 7 . 6 Robot Miss Streak 5 | . 4 1 5 Penetration Max . | . . . . Secondary Targets 2 | . . . 2 Max Gunslinging Chain 1 | . . . 1 Shots Hit Robots 93 | . 43 . 50 Core Hits 43 | . 27 . 16 Critical Kills . | . . . . Critical Parts Destroyed 2 | . . . 2 Critical Strikes 4 | . 1 . 3 Corrupt 1 | . 1 . . Smash 3 | . . . 3 Melee Attacks 17 | . . . 17 Impact 17 | . . . 17 Slashing . | . . . . Piercing . | . . . . Sneak Attacks . | . . . . Combat Hostiles . | . . . . Follow-up Attacks . | . . . . Damage Inflicted 1866 | . 883 . 983 Guns 1105 | . 362 . 743 Cannons . | . . . . Explosions 453 | . 453 . . Melee 240 | . . . 240 Ramming 17 | . 17 . . Kinetic 664 | . . . 664 Thermal 689 | . 610 . 79 Explosive 112 | . 112 . . Electromagnetic 144 | . 144 . . Impact 240 | . . . 240 Slashing . | . . . . Piercing . | . . . . Highest Corruption . | . . . . Average Corruption . | . . . . Corruption Purged . | . . . . Corruption Blocked . | . . . . Overload Shots . | . . . . Overflow Damage 150 | . 96 . 54 Projectiles . | . . . . Explosions 96 | . 96 . . Melee 54 | . . . 54 Knockbacks . | . . . . Impact . | . . . . Kinetic . | . . . . Secondary . | . . . . Self-Inflicted Damage 325 | . 325 . . Shots 6 | . 6 . . Rammed 10 | . 10 . . Targets Rammed 11 | . 11 . . Kicked . | . . . . Crushed 1 | . 1 . . Highest Temperature 122 | . 122 . 25 Average Temperature 34 | . 41 . 10 Received Heat Transfer 1137 | . 468 21 648 Siege Activations . | . . . . Robots Corrupted . | . . . . Combat Hostiles . | . . . . Parts Fried 1 | . . . 1 Impact Corruptions 3 | . . . 3 Robots Melted . | . . . . Combat Hostiles . | . . . . Parts Melted 4 | . 3 . 1 Heat Transferred 1185 | . 1000 . 185 Parts Sabotaged . | . . . . Parts Stolen . | . . . . Parts Stripped . | . . . . Power Chain Reactions 1 | . 1 . . Alert | -11 -10 -10 -8 ------- Run | Yrd Mat Sub Mat Peak Influence 273 | . 164 . 273 Initial 21 | . . . 21 Average 64 | . 50 . 116 Maximum Alert Level 1 | . . . 1 Low Security (%) 94 | 100 100 . 78 Level 1 5 | . . . 21 Level 2 . | . . . . Level 3 . | . . . . Level 4 . | . . . . Level 5 . | . . . . High Security . | . . . . Max Security . | . . . . Squads Dispatched 5 | . 1 . 4 Investigation 1 | . . . 1 Extermination . | . . . . Reinforcement 1 | . 1 . . Assault . | . . . . Garrison 3 | . . . 3 Intercept . | . . . . Searches Triggered . | . . . . Construction Impeded . | . . . . Haulers Reinforced . | . . . . Active Scanning Responses . | . . . . Cargo Convoy Interrupts . | . . . . Stealth | -11 -10 -10 -8 --------- Run | Yrd Mat Sub Mat Distress Signals 5 | . 2 . 3 Communications Jammed . | . . . . Distress Signals . | . . . . Times Spotted 47 | . 17 10 20 Peak Tracking Total 6 | . 3 6 6 Tactical Retreats 7 | . 4 . 3 Traps | -11 -10 -10 -8 ------- Run | Yrd Mat Sub Mat Traps Triggered . | . . . . Indirectly . | . . . . Trap Hack Attempts . | . . . . Triggered . | . . . . Disarmed . | . . . . Reprogrammed . | . . . . Reused . | . . . . Traps Extracted . | . . . . Installed . | . . . . Triggered . | . . . . Machines | -11 -10 -10 -8 ---------- Run | Yrd Mat Sub Mat Machines Disabled 3 | . 2 . 1 Max in Single Turn 2 | . 2 . 1 Machines Repaired . | . . . . Machines Dismantled . | . . . . Machines Sabotaged . | . . . . Overloaded Fab Kills . | . . . . Hacking | -11 -10 -10 -8 --------- Run | Yrd Mat Sub Mat Machines Accessed 8 | . 5 . 3 Terminals 7 | . 5 . 2 Fabricators . | . . . . Repair Stations . | . . . . Recycling Units . | . . . . Scanalyzers . | . . . . Garrison Access 1 | . . . 1 Total Hacks 23 | . 13 . 10 Successful 10 | . 4 . 6 Failed 13 | . 9 . 4 Catastrophic 2 | . 1 . 1 Database Lockouts . | . . . . Manual 7 | . 4 . 3 Terminals 21 | . 13 . 8 Fabricators . | . . . . Repair Stations . | . . . . Recycling Units . | . . . . Scanalyzers . | . . . . Garrison Access 2 | . . . 2 Terminal Hacks 10 | . 4 . 6 Alert Level 2 | . 1 . 1 Locate Traps 4 | . 2 . 2 Dispatch Records 1 | . 1 . . Maintenance Status 1 | . . . 1 Assault Status 1 | . . . 1 Zone Layout 1 | . . . 1 Fabricator Hacks . | . . . . Repair Station Hacks . | . . . . Recycling Unit Hacks . | . . . . Scanalyzer . | . . . . Garrison Access Hacks . | . . . . Unauthorized Hacks . | . . . . Terminals . | . . . . Fabricators . | . . . . Repair Stations . | . . . . Recycling Units . | . . . . Scanalyzers . | . . . . Garrison Access . | . . . . Data Cores Recovered . | . . . . Used . | . . . . Hacking Detections 2 | . 1 . 1 Full Trace Events 1 | . . . 1 Feedback Events . | . . . . Feedback Blocked . | . . . . Robot Schematics Acquired . | . . . . Robots Built . | . . . . Authchips . | . . . . Time . | . . . . Total Robot Build Rating . | . . . . Part Schematics Acquired . | . . . . Parts Built . | . . . . Authchips . | . . . . Time . | . . . . Total Part Build Rating . | . . . . Parts Repaired . | . . . . Time . | . . . . Parts Recycled . | . . . . Recycled Matter . | . . . . Retrieved Matter . | . . . . Retrieved Components . | . . . . Parts Scanalyzed . | . . . . Part Schematics Acquired . | . . . . Parts Damaged . | . . . . Bothacking | -11 -10 -10 -8 ------------ Run | Yrd Mat Sub Mat Used RIF Installer . | . . . . Robots Hacked . | . . . . Non-combat . | . . . . Combat . | . . . . Robot Hacks Applied . | . . . . Relay Couplers Released . | . . . . Fabnet Peak Effective % . | . . . . Robots Rewired . | . . . . Allies Hacked . | . . . . Hacks Repelled . | . . . . Allies | -11 -10 -10 -8 -------- Run | Yrd Mat Sub Mat Total Allies . | . . . . Largest Group . | . . . . Highest-Rated Group . | . . . . Highest-Rated Ally . | . . . . Total Orders . | . . . . Ally Attacks . | . . . . Total Damage . | . . . . Kills . | . . . . Allies Corrupted . | . . . . Allies Melted 1 | . . 1 . Intel | -11 -10 -10 -8 ------- Run | Yrd Mat Sub Mat Robot Analysis Total . | . . . . Derelict Logs Recovered 1 | . . 1 . Drone Launches . | . . . . Drone Recoveries . | . . . . Exploration | -11 -10 -10 -8 ------------- Run | Yrd Mat Sub Mat Turns Passed 2407 | 153 1453 222 579 Spaces Moved 1711 | 91 972 171 477 Core 34 | 22 . . 12 Treads 705 | 69 636 . . Legs 420 | . 86 171 163 Wheels . | . . . . Hover . | . . . . Flight 552 | . 250 . 302 Fastest Speed 31 | 50 37 120 31 Average Speed 113 | 154 124 120 80 Slowest Speed 300 | 200 160 120 300 Overloaded Moves . | . . . . Propulsion Burnouts . | . . . . Robots Hopped 6 | . 6 . . Cave-ins Triggered . | . . . . Exploration Rate (%) 27 | 4 77 8 21 Regions Visited 3 Branch Regions 1 Pre-discovered Areas 1 | . . 1 . Known Exits Taken . | . . . . Unknown Exits Taken 3 | 1 1 1 . Scrap Searched . | . . . . Spaces Dug 8 | . . . 8 Terrain Destroyed 63 | . 55 . 8 Melee 8 | . . . 8 Projectile . | . . . . AOE 55 | . 55 . . Terrain Rammed . | . . . . Walls Destroyed . | . . . . Machines Disabled . | . . . . Actions | -11 -10 -10 -8 --------- Run | Yrd Mat Sub Mat Total 1976 | 101 1116 178 581 Wait 82 | . 55 2 25 Move 1696 | 90 959 170 477 Hop 6 | . 6 . . Pick Up 22 | 5 12 . 5 Fast Attach 24 | 5 6 . 13 Attach 13 | 1 9 . 3 Detach 1 | . 1 . . Swap 9 | . 3 2 4 Drop 9 | . 3 1 5 Fire 86 | . 51 3 32 Melee 17 | . . . 17 Ram . | . . . . Kick . | . . . . Crush 11 | . 11 . . Escape Stasis . | . . . . Rewire . | . . . . Trap . | . . . . Miscellaneous . | . . . . Route ------- -11/Scrapyard -10/Materials (discovered 4 exits: *Mat x2 / [*Min] / [*Sub]) -10/Subcaves -8/Materials (discovered 1 exit: [*Sto]) History --------- Turn | Location | Event 17 | -11/Scrapyard | Discovered new exit (range 15) 154 | -11/Scrapyard | Entered Materials 307 | -10/Materials | Build established: Mutant 528 | -10/Materials | Discovered new exit (range 7) 671 | -10/Materials | Identified exit to Materials 882 | -10/Materials | Discovered exit to Materials (range 4) 958 | -10/Materials | Lost 3 parts (1p1n1u) 1032 | -10/Materials | Discovered new exit (range 16) 1398 | -10/Materials | Core integrity fell below 50% 1436 | -10/Materials | Lost 6 parts (1p1n1u3w) 1521 | -10/Materials | Discovered new exit (range 8) 1580 | -10/Materials | Core integrity fell below 20% 1607 | -10/Materials | Entered Subcaves 1714 | -10/Subcaves | Learned location of Zion (-6) 1722 | -10/Subcaves | Discovered new exit (range 14) 1778 | -10/Subcaves | Ambushed by swarm of Subdwellers 1786 | -10/Subcaves | Ambushed by Subdwellers from Twisted Machinery 1829 | -10/Subcaves | Entered Materials 1829 | -8/Materials | Evolved 4 slots: Propulsion x2, Utility x2 1838 | -8/Materials | Lost 4 allies 1955 | -8/Materials | Garrison activated, responded to threat 1968 | -8/Materials | Discovered new exit (range 5) 2016 | -8/Materials | Core integrity fell below 50% 2052 | -8/Materials | Lost 6 parts (1p2n2u1w) 2357 | -8/Materials | Lost 3 parts (3n) 2395 | -8/Materials | Core integrity fell below 20% 2408 | -8/Materials | Destroyed by H-55 Commando with Assault Rifle Last Messages --------------- Y-45 Defender system corrupted by crushing effect. Flight Unit destroyed. Y-45 Defender suffers critical hit (Smash). Destroyed Heat Sink. Destroyed Lgt. Armor Plating. Y-45 Defender system corrupted by crushing effect. Y-45 Defender misfires. Y-45 Defender system terminally corrupted. Lgt. Treads fried. W-25 Informer sends out distress signal. Imp. Heat Sink destroyed. Slug penetrates Wall. Lgt. Nuclear Core destroyed. Critical hit (Burn: +37). Penetrated by Slug. Particle Gun destroyed. Flight Unit destroyed. Penetrated by Slug. M-13 Machinist repairs G-47 Trooper. Penetrated by Slug. Map ----- +----------------------------------------------------+ | ?????????????????????????????????????????????????? | | ?????????????????????????????????????????????????? | | ?????????????????????????????????????????????????? | | ?????????? ???????????????????#??????????????????? | | ??????????????#??????????????#???????#???????????? | | ?????????????? ????? ?????????#?????????????????? | | ?????????????? ?? ?????????????##???????????"????? | | ?????????????? ????????????????????????????"?????? | | ?????????????? ??????????????????#????#??????????? | | ?????????????? ?##########?#?#?#?#?#?????? ??????? | | ?????????????# ## #?#??????##?????????????? | | ???????? ????# ## #???##??????#???????????? | | ???????? ????# ## == #??#??########??????????? | | ???????? ????# + =! #?#??## ######?????? | | ?????????????# ## =! ##???## # ! #?????? | | ??????? ? ???# ## ##??## # #?? ??? | | ?????????????# ## #?##??# # #??? ?? | | ?????#???????# #? #?????# # #?????? | | ?????????#??## ##?? ???#???# % # #?????? | | ????????????## ##?###h#############+#+# #?????? | | ??"????#????## ##??# ^ # #?? ??? | | ?????#??????## ##### ^^^ # #???? ? | | ?????????????# + #?????? | | ?????????????#### ^ ###+###"####?????? | | ??????????####### ^ # ##????????? | | ?????????## # // @ * # ###???????? | | ??????????# # / !* # "S [#????"????? | | ???????#??# """ # * # """ #????"????? | | ????????#?# """ + # "" #???#??? ?? | | ??????????# """ # g # !#?????????? | | ???????#??# # ######"T"##gmg##########??#????? | | ??????????# # #????#"""## ###??????????????? | | ??????????###"### ########### ##????#??????????? | | ?????????## !# ## # ###???????????##?? | | ??????????# # ##""" # #######??????????? | | ???????#??# """ # ##"R # #######??#???????? | | ??????????# """ # ##""" # ##???#??????? | | ???????#### """ + / + ##????????#?? | | ??????#???# """ # ## """ # """ ##?????#????? | | ???????#?## # ## """ # "G" #####???????? | | ????????#?####### ## """ # " " #####???????? | | ??????#??????#?## ## # ##???????? | | ??????????#??#### ####+###### ##???????? | | ???##????????# ## # """ ##???????? | | ????????##??## ##### """" # """ ##???????? | | ?#??#?#???#?## #??## """" # """ ##?????#?? | | ?????????##?## #?### """" # ##??#????? | | ???#???##??### #??## """"" + ! ##???????# | | ??????#?#??###*##### """"" # ######??#???? | | ?##?#??#?#?### #####!= """" # ###+#######?#????? | +----------------------------------------------------+ Best States ------------- Heat Dissipation 64 Energy Generation 14 Energy Capacity 265 Matter Stores 300 Matter Capacity 300 Sight Range 18 Terrain Scan Range 16 Terrain Scan Density 10 Evasion (%) 63 Targeting Accuracy 5 Recoil Reduction 2 Item Schematics ----------------- None Robot Schematics ------------------ None Fabricated ------------ Nothing Alien Tech Used ----------------- None Achievements -------------- Let's See Who's Tougher Challenges ------------ None Game ------ Seed FieldThrusterShifter Manual? 0 Play Time 00:22:56 Cumulative 8.6 hours Start 2024.05.17 @ 20:18:28 End 2024.05.17 @ 20:41:09 Sessions 1 Manual Loads 0 Difficulty Rogue Special Mode None Game No. 11 Rogue 6 Adventurer 5 Explorer 0 Win Type - Total 0 Types 0/0/0/0/0/0/0/0/0 Lore% 17 Gallery% 19 Achievement% 17 Wizard Run 0 Options --------- Layout 0 ASCII 0 Keyboard 0 Movement Arrows Keybinds 0 Fullscreen 1 Font 18/X11Bold Map View 76x50 Zoom Use 0% Tactical HUD 0 Map Filters NONE Filters NONE Steam 1 RUN: cf62e0a1-af66-43f3-af76-f3866038a022